 Dungeon Crawl Stone Soup version 0.29-a0-845-g6161e89988 (webtiles) character file.

Game seed: 17126639412089976615

92 jlumianski the Trooper (level 4, 0/35 HPs)
             Began as a Demonspawn Fighter on July 15, 2022.
             Slain by an adder (2 damage)
             ... on level 2 of the Dungeon.
             The game lasted 00:05:05 (2168 turns).

jlumianski the Trooper (Demonspawn Fighter)         Turns: 2168, Time: 00:05:05

Health: 0/35       AC:  6    Str: 18    XL:     4   Next: 35%
Magic:  13/13      EV:  9    Int: 10    God:
Gold:   149        SH:  4    Dex: 12    Spells: 3/3 levels left

rFire   . . .      SeeInvis .   a - +0 war axe
rCold   . . .      Faith    .   c - +0 buckler
rNeg    . . .      Spirit   .   b - +0 scale mail
rPois   .          Reflect  .   (no helmet)
rElec   .          Harm     .   (no cloak)
rCorr   .          Rampage  .   (no gloves)
Will    .....                   (no boots)
Stlth   ..........              (no amulet)
HPRegen 0.11/turn               m - ring of magical power
MPRegen 0.13/turn               (no ring)

@: lethally poisoned (0 -> -5), flying, invisible
A: demonic magic 1, weakness stinger 1
a: no special abilities


You were on level 2 of the Dungeon.
You visited 1 branch of the dungeon, and saw 2 of its levels.

You collected 149 gold pieces.

Inventory:

Hand Weapons
 a - a +0 war axe (weapon)
Missiles
 f - 19 stones (quivered)
Armour
 b - a +0 scale mail (worn)
 c - a +0 buckler (worn)
Jewellery
 m - a ring of magical power (left hand)
Scrolls
 g - a scroll of fog {unknown}
 k - a scroll of identify {unknown}
Potions
 d - a potion of might
 i - a potion of degeneration {unknown}
 j - a potion of berserk rage {unknown}
 l - a potion of haste {unknown}


   Skills:
 + Level 3.5 Fighting
 + Level 2.8 Axes
 + Level 3.3 Armour
 + Level 0.8 Dodging
 + Level 2.8 Shields


You had 3 spell levels left.
You didn't know any spells.
Your spell library was empty.

Dungeon Overview and Level Annotations

Branches:
Dungeon (2/15)

Altars:

Shops:
D:1 =


Innate Abilities, Weirdness & Mutations

Spells you cast may paralyse adjacent enemies.
You have a small tail.


Message History

The adder is moderately wounded.
You hit the adder. The adder bites you. The adder barely misses you.
The adder bites you. x2
You barely miss the adder.
The adder is moderately wounded.
You hit the adder but do no damage. The adder closely misses you.
The adder bites you but does no damage. x2; The adder bites you.
You closely miss the adder.
The adder is moderately wounded.
You closely miss the adder. The adder barely misses you.
The adder bites you but does no damage. x2; The adder closely misses you.
You closely miss the adder.
The adder is moderately wounded.
You miss the adder. The adder bites you.
You are poisoned.
The adder poisons you! You block the adder's attack.
Unknown command.
You miss the adder.
The adder is moderately wounded.
You barely miss the adder.
You feel very sick. The adder closely misses you. The adder bites you.
* * * LOW HITPOINT WARNING * * *
The adder bites you but does no damage. The adder bites you.
* * * LOW HITPOINT WARNING * * *
You are lethally poisoned!
The adder poisons you!
It was a potion of invisibility.
You fade into invisibility!
* * * LOW HITPOINT WARNING * * *
You feel sick. The adder misses you. You block the adder's attack.
Found 5 stones.
* * * LOW HITPOINT WARNING * * *
You feel sick. The adder barely misses you.
It was a potion of flight.
You feel very buoyant.
You fly up into the air.
* * * LOW HITPOINT WARNING * * *
You feel sick. The adder bites you.
You die...

###... #......#
#... #......#
#.# #......####
..## #.........#
#..###
##......##.##
.....###
#...........#
.###....#
#...###'###...#
....###.#
....##Sg...##..#
....# .
.##.#@S#.#!.#..#
....# #
+.#?#$#.+ .#
....# #..#.#..#
....# ##.(...##
....# ###+###
....# ....#
#####


You could see 2 adders and a goblin (unable to see you).

Vanquished Creatures
  An iguana (D:2)
  A gnoll (D:1)
  2 dart slugs
  3 bats (D:1)
  4 endoplasms
  3 giant cockroaches (D:1)
  3 goblins
  A hobgoblin (D:1)
  11 jackals
  4 kobolds (D:1)
  2 quokkas
  A ball python (D:1)
  7 frilled lizards
  5 rats
48 creatures vanquished.

Notes
Turn   | Place    | Note
-------+----------+-------------------------------------------
     0 | D:1      | jlumianski the Demonspawn Fighter began the quest for the
                  | Orb.
     0 | D:1      | Reached XP level 1. HP: 18/18 MP: 1/1
   233 | D:1      | Gained mutation: You have a small tail. [demonic ancestry]
   233 | D:1      | Reached XP level 2. HP: 18/24 MP: 2/2
   614 | D:1      | Reached XP level 3. HP: 8/29 MP: 3/3
  1289 | D:1      | Found a faded altar of an unknown god.
  1311 | D:1      | Found Kiaxka's One-of-a-Kind Rings.
  1779 | D:2      | HP: 1/29 [iguana (8)]
  1781 | D:2      | Gained mutation: Spells you cast may paralyse adjacent
                  | enemies. [demonic ancestry]
  1781 | D:2      | Reached XP level 4. HP: 1/35 MP: 4/4
  2168 | D:2      | Slain by an adder

Illustrated notes

Levels and vault maps discovered:
D:1:      dpeg_arrival_water_temple_mockup, layout_rooms,
          dreamdust_ecumenical_altar_hidden_monk_grotto,
          chequers_serial_rivers_micro_a,
          nicolae_concentric_dashed_squares_mild,
          hangedman_decor_clover_reticule, nicolae_shop_unique_rings
D:2:      layout_rooms, minmay_box_of_dots

Skill      XL: |  1  2 |
---------------+-------+-----
Armour         | 3 |  3.3
Axes           | 2 |  2.8
Fighting       | |  3.5
Dodging        | |  0.8
Shields        | |  2.8

Action                   |  1- 3 |  4- 6 || total
-------------------------+-------+-------++-------
Melee: War axe           |   125 |    15 ||   140
       Tailslap          |    11 |     1 ||    12
  Use: Potion            |       |     2 ||     2
Armor: Scale mail        |    92 |     9 ||   101
Dodge: Dodged            |   111 |    12 ||   123
Block: Buckler           |    48 |     2 ||    50

Table legend: (Time is in decaauts)
 A = Elapsed time spent in this place.
 B = Non-inter-level travel time spent in this place.
 C = Inter-level travel time spent in this place.
 D = Time resting spent in this place.
 E = Time spent auto-exploring this place.
 F = Levels seen in this place.
 G = Mean time per level.
                   A        B        C        D        E       F      G
               +--------+--------+--------+--------+--------+-----+--------+
         Total |   2231 |   2211 |     20 |    524 |   1014 |   2 | 1115.5 |
       Dungeon |   2231 |   2211 |     20 |    524 |   1014 |   2 | 1115.5 |
               +--------+--------+--------+--------+--------+-----+--------+

Top non-repeatable levels by time:
     D:1: 1564 daAuts
     D:2: 666 daAuts
